 Dungeon Crawl Stone Soup version 0.25.1-2-g60ff931df9 (webtiles) character file.

Game seed: 17072426865073743640

2081 gbos the Cleaver (level 9, 0/81 HPs)
             Began as a Naga Fighter on Nov 17, 2020.
             Was an Initiate of Makhleb.
             Slain by a killer bee (4 damage)
             ... on level 6 of the Dungeon.
             The game lasted 00:01:41 (6716 turns).

gbos the Cleaver (Naga Fighter)                     Turns: 6716, Time: 00:01:42

Health: 0/81       AC: 13    Str: 21    XL:     9   Next: 27%
Magic:  9/9        EV:  4    Int:  9    God:    Makhleb [......]
Gold:   265        SH:  9    Dex: 11    Spells: 8/8 levels left

rFire    + . .     SeeInvis +   j - +1 war axe
rCold    . . .     Gourm    .   c - +0 kite shield
rNeg     . . .     Faith    .   o - +0 chain mail
rPois    +         Spirit   .   t - +1 helmet
rElec    .         Reflect  .   (no cloak)
rCorr    .         Harm     .   a - +2 pair of gloves
MR       ++...                  (no barding)
Stlth    ..........             (no amulet)
HPRegen  0.23/turn              b - ring of protection from fire
MPRegen  0.11/turn              i - ring of protection from magic

@: lethally poisoned (0 -> -1), very slow
A: large, see invisible, deformed body, poison resistance, slowness 2, slow
metabolism 1, spit poison 1, AC +3
a: Spit Poison, Renounce Religion


You were on level 6 of the Dungeon.
You worshipped Makhleb.
Makhleb was noncommittal.
You were not hungry.

You visited 2 branches of the dungeon, and saw 7 of its levels.

You collected 265 gold pieces.


Innate Abilities, Weirdness & Mutations

You cannot wear boots.
Your serpentine skin is tough. (AC +3)
You have supernaturally acute eyesight. (SInv)
Armour fits poorly on your strangely shaped body.
Your system is resistant to poisons. (rPois)
You cover ground very slowly.
You have a slow metabolism.
You can spit poison.


   Skills:
 + Level 5.4 Fighting
 - Level 10.1 Axes
 - Level 3.0 Armour
 - Level 1.0 Dodging
 - Level 4.0 Shields


You had 8 spell levels left.
You didn't know any spells.
Your spell library was empty.

Inventory:

Hand Weapons
 j - a +1 war axe (weapon)
 r - a +0 morningstar
Missiles
 q - 2 boomerangs (quivered)
Armour
 a - a +2 pair of gloves (worn)
 c - a +0 kite shield (worn)
 o - a +0 chain mail (worn)
 t - a +1 helmet (worn)
Jewellery
 b - a ring of protection from fire (left hand)
 i - a ring of protection from magic (right hand)
 Y - an uncursed ring of resist corrosion
Scrolls
 f - 3 scrolls of remove curse
 m - 5 scrolls of identify
Potions
 d - a potion of might
 h - 3 potions of curing
 k - a potion of cancellation
Comestibles
 e - 11 rations

Dungeon Overview and Level Annotations

Branches:
Dungeon (6/15)             Temple (1/1) D:5

Altars:
Ashenzari
Cheibriados
Dithmenos
Elyvilon
Fedhas
Gozag
Hepliaklqana
Makhleb
Nemelex Xobeh
Okawaru
Qazlal
Sif Muna
Trog
Uskayaw
Vehumet
Xom
Zin
The Shining One


Message History

You block the orc warrior's attack.
The shadow imp hits you but does no damage.
The orc hits you but does no damage.
You closely miss the shadow imp.
The shadow imp is severely wounded.
You barely miss the orc. You slash the killer bee! You hit the orc warrior.
You feel sick. The killer bee stings you. The shadow imp gestures at you.
You resist with almost no effort. The orc warrior barely misses you.
You block the orc's attack.
The killer bee stings you but does no damage.
Your chain mail prevents you from hitting the killer bee.
The killer bee is severely wounded.
You hit the orc but do no damage.
Your shield and chain mail prevent you from hitting the shadow imp.
You closely miss the orc warrior. You block the killer bee's attack.
The shadow imp hits you. The orc warrior barely misses you.
The orc hits you but does no damage. The killer bee stings you.
You die...

#........#
#........##
#..........
#........# #........#
#..o...<.# #oo5o....#
.######@######.. ...
........y....... ....
##.####.###....# ...
#.# ##. ... #........
# #.# .....#### #.#.#
......# ##.##.#.#
<...!.... ........<
.....$..####...#..#.(


You could see an orc warrior, a killer bee, an orc priest, a shadow imp and 2
orcs.

Vanquished Creatures
  Pikel (D:5)
  Grinder (D:4)
  2 slaves (D:5)
  5 ogres
  2 centaurs
  A water moccasin zombie (D:2)
  A scorpion (D:3)
  2 killer bees (D:6)
  A howler monkey (D:5)
  2 crimson imps (D:5)
  2 hounds (D:4)
  A gnoll shaman (D:5)
  An orc priest (D:5)
  Natasha (thrice) (D:2)
  An iguana (D:6)
  An orc wizard (D:3)
  2 worker ants
  A hound zombie (D:5)
  A howler monkey zombie (D:3)
  6 gnolls (D:5)
  8 adders
  A shadow imp (D:5)
  An ooze (D:2)
  An adder skeleton (D:4)
  3 worms
  3 dart slugs
  4 leopard geckos
  11 orcs
  A ball python (D:3)
  4 bats
  A giant cockroach (D:2)
  2 goblins (D:1)
  12 hobgoblins
  3 jackals
  4 quokkas
  6 frilled lizards
  A jackal zombie (D:5)
  8 kobolds
  4 rats
115 creatures vanquished.

Vanquished Creatures (others)
  Sigmund (D:5)
  An orc wizard (D:3)
  2 gnolls (D:5)
  A dart slug (D:5)
5 creatures vanquished.

Grand Total: 120 creatures vanquished

Notes
Turn   | Place    | Note
-------+----------+-------------------------------------------
     0 | D:1      | gbos the Naga Fighter began the quest for the Orb.
     0 | D:1      | Reached XP level 1. HP: 21/21 MP: 1/1
     0 | D:1      | 0 ||| counter = 161
    29 | D:1      | 29 ||| INVOKING Spit Poison.
    60 | D:1      | You fall into a shaft and drop 1 floor!
    61 | D:2      | 61 ||| Shafted from D:1 to D:2.
    63 | D:2      | 63 ||| INVOKING Spit Poison.
    81 | D:1      | 81 ||| Successfully unshafted to D:1.
   169 | D:1      | Reached XP level 2. HP: 23/28 MP: 2/2
   571 | D:1      | 571 ||| INVOKING Spit Poison.
   596 | D:1      | 596 ||| INVOKING Spit Poison.
   596 | D:1      | Reached skill level 3 in Axes
   603 | D:1      | 603 ||| INVOKING Spit Poison.
   631 | D:1      | 631 ||| INVOKING Spit Poison.
   658 | D:1      | 658 ||| INVOKING Spit Poison.
   695 | D:1      | 695 ||| INVOKING Spit Poison.
   887 | D:1      | 887 ||| READING 2 scrolls labeled IFIHEA VAAMUEL.
   888 | D:1      | 888 ||| READING scroll labeled IPRA LAISUT.
   889 | D:1      | 889 ||| READING scroll labeled GAMEAG VISEAMY.
   890 | D:1      | 890 ||| READING scroll labeled ECACOANALON.
   894 | D:1      | 894 ||| READING scroll labeled JALOGOLOMU.
   895 | D:1      | 895 ||| DROPPING scroll of magic mapping.
   918 | D:2      | 918 ||| STAIRDANCE
   939 | D:2      | Reached XP level 3. HP: 33/34 MP: 3/3
   982 | D:2      | 982 ||| INVOKING Spit Poison.
  1016 | D:2      | 1016 ||| INVOKING Spit Poison.
  1039 | D:2      | 1039 ||| INVOKING Spit Poison.
  1069 | D:2      | Reached skill level 4 in Axes
  1069 | D:2      | Reached XP level 4. HP: 13/42 MP: 4/4
  1275 | D:2      | 1275 ||| INVOKING Spit Poison.
  1278 | D:2      | 1278 ||| INVOKING Spit Poison.
  1414 | D:2      | 1414 ||| INVOKING Spit Poison.
  1447 | D:2      | 1447 ||| INVOKING Spit Poison.
  1573 | D:2      | 1573 ||| INVOKING Spit Poison.
  1574 | D:2      | 1574 ||| INVOKING Spit Poison.
  1580 | D:2      | 1580 ||| INVOKING Spit Poison.
  1593 | D:2      | Noticed Natasha
  1602 | D:2      | Killed Natasha
  1602 | D:2      | Reached skill level 5 in Axes
  1602 | D:2      | Reached XP level 5. HP: 18/49 MP: 5/5
  1711 | D:2      | 1711 ||| INVOKING Spit Poison.
  1712 | D:2      | 1712 ||| INVOKING Spit Poison.
  1875 | D:2      | Noticed Natasha
  1889 | D:2      | HP: 8/49 [Natasha (7)]
  1892 | D:2      | Killed Natasha
  2142 | D:2      | Noticed Natasha
  2159 | D:2      | Killed Natasha
  2287 | D:2      | 2287 ||| INVOKING Spit Poison.
  2294 | D:2      | 2294 ||| INVOKING Spit Poison.
  2303 | D:2      | 2303 ||| INVOKING Spit Poison.
  2304 | D:2      | 2304 ||| INVOKING Spit Poison.
  2307 | D:2      | 2307 ||| INVOKING Spit Poison.
  2415 | D:2      | 2415 ||| INVOKING Spit Poison.
  2441 | D:2      | 2441 ||| UPGRADING to pair of runed gloves.
  2446 | D:2      | 2446 ||| UPGRADING to chain mail.
  2456 | D:2      | 2456 ||| DROPPING +0 scale mail.
  2457 | D:2      | 2457 ||| READING 3 scrolls labeled RAIWOQ ANEUJAICIXA.
  2458 | D:2      | 2458 ||| READING 2 scrolls of enchant armour.
  2458 | D:2      | 2458 ||| ENCHANTING +1 pair of gloves.
  2459 | D:2      | 2459 ||| READING scroll labeled PUEHIAV DEILL.
  2460 | D:2      | 2460 ||| READING scroll labeled FIAMOGG FEOFU.
  2461 | D:2      | 2461 ||| DRINKING 2 fizzy emerald potions.
  2462 | D:2      | 2462 ||| READING scroll of identify.
  2462 | D:2      | 2462 ||| IDENTIFYING glass ring
  2463 | D:2      | 2463 ||| UPGRADING to ring of resist corrosion.
  2527 | D:3      | 2527 ||| INVOKING Spit Poison.
  2534 | D:3      | 2534 ||| INVOKING Spit Poison.
  2536 | D:3      | Reached skill level 6 in Axes
  2539 | D:3      | 2539 ||| DROPPING club.
  2545 | D:3      | 2545 ||| INVOKING Spit Poison.
  2546 | D:3      | 2546 ||| INVOKING Spit Poison.
  2559 | D:3      | Reached XP level 6. HP: 56/56 MP: 6/6
  2661 | D:3      | 2661 ||| INVOKING Spit Poison.
  2697 | D:3      | 2697 ||| INVOKING Spit Poison.
  2837 | D:3      | 2837 ||| INVOKING Spit Poison.
  2975 | D:3      | Found an opulent altar of Gozag.
  3057 | D:3      | 3057 ||| INVOKING Spit Poison.
  3065 | D:3      | 3065 ||| DROPPING +0 flail.
  3103 | D:3      | Reached skill level 7 in Axes
  3209 | D:3      | 3209 ||| UPGRADING to helmet.
  3214 | D:3      | 3214 ||| READING 2 scrolls of remove curse.
  3215 | D:3      | 3215 ||| READING scroll of enchant armour.
  3215 | D:3      | 3215 ||| ENCHANTING +0 helmet.
  3216 | D:3      | 3216 ||| READING 2 scrolls labeled ERUZUM UQATSOG.
  3219 | D:3      | 3219 ||| READING scroll labeled SEMPIWO WECI.
  3220 | D:3      | 3220 ||| DRINKING 4 glowing grey potions.
  3222 | D:3      | 3222 ||| DRINKING 2 murky inky potions.
  3260 | D:3      | 3260 ||| READING 3 scrolls of identify.
  3260 | D:3      | 3260 ||| IDENTIFYING golden potion
  3261 | D:3      | 3261 ||| READING 2 scrolls of identify.
  3261 | D:3      | 3261 ||| IDENTIFYING brown potion
  3262 | D:3      | 3262 ||| DROPPING 3 potions of flight.
  3263 | D:3      | 3263 ||| DROPPING potion of ambrosia.
  3264 | D:3      | 3264 ||| DROPPING potion of lignification.
  3329 | D:4      | Noticed Grinder
  3334 | D:4      | Paralysed by Grinder for 5 turns
  3347 | D:4      | Paralysed by Grinder for 4 turns
  3354 | D:4      | HP: 13/56 [Grinder (6)]
  3355 | D:4      | 3355 ||| READING scroll of teleportation.
  3634 | D:4      | 3634 ||| INVOKING Spit Poison.
  3651 | D:4      | 3651 ||| INVOKING Spit Poison.
  3654 | D:4      | Reached skill level 1 in Dodging
  3721 | D:4      | 3721 ||| INVOKING Spit Poison.
  3728 | D:4      | Paralysed by Grinder for 3 turns
  3740 | D:4      | Paralysed by Grinder for 7 turns
  3748 | D:4      | Reached XP level 7. HP: 22/62 MP: 7/7
  3749 | D:4      | HP: 12/62 [Grinder (5)]
  3752 | D:4      | Killed Grinder
  3752 | D:4      | Reached skill level 8 in Axes
  4053 | D:4      | Found a shadowy altar of Dithmenos.
  4264 | D:4      | 4264 ||| EATING 10 rations.
  4511 | D:4      | 4511 ||| READING 5 scrolls of identify.
  4511 | D:4      | 4511 ||| IDENTIFYING puce potion
  4512 | D:4      | 4512 ||| READING 4 scrolls of identify.
  4512 | D:4      | 4512 ||| IDENTIFYING viscous purple potion
  4513 | D:4      | 4513 ||| DROPPING potion of stabbing.
  4552 | D:5      | Entered Level 5 of the Dungeon
  4611 | D:5      | 4611 ||| INVOKING Spit Poison.
  4619 | D:5      | 4619 ||| INVOKING Spit Poison.
  4628 | D:5      | 4628 ||| INVOKING Spit Poison.
  4629 | D:5      | 4629 ||| INVOKING Spit Poison.
  4645 | D:5      | Found a staircase to the Ecumenical Temple.
  4649 | D:5      | 4649 ||| INVOKING Spit Poison.
  4671 | Temple   | Entered the Ecumenical Temple
  4672 | Temple   | 4672 ||| Entered T.
  4904 | D:5      | Reached skill level 3 in Shields
  4904 | D:5      | Reached XP level 8. HP: 60/72 MP: 8/8
  5078 | D:5      | 5078 ||| INVOKING Spit Poison.
  5082 | D:5      | 5082 ||| INVOKING Spit Poison.
  5180 | Temple   | Became a worshipper of Makhleb the Destroyer
  5202 | Temple   | 5202 ||| READING 4 scrolls of identify.
  5202 | Temple   | 5202 ||| IDENTIFYING shiny opal ring
  5203 | Temple   | 5203 ||| DROPPING cursed ring of teleportation.
  5204 | Temple   | 5204 ||| READING 3 scrolls of identify.
  5204 | Temple   | 5204 ||| IDENTIFYING shiny steel ring
  5205 | Temple   | 5205 ||| UPGRADING to ring of protection from magic.
  5238 | D:5      | 5238 ||| INVOKING Spit Poison.
  5317 | D:5      | 5317 ||| INVOKING Spit Poison.
  5356 | D:5      | 5356 ||| INVOKING Spit Poison.
  5356 | D:5      | Noticed Pikel
  5358 | D:5      | 5358 ||| INVOKING Spit Poison.
  5374 | D:5      | Killed Pikel
  5374 | D:5      | Reached skill level 10 in Axes
  5434 | D:5      | Killed Sigmund
  5747 | D:5      | 5747 ||| INVOKING Spit Poison.
  5758 | D:5      | HP: 4/73 [ogre/+0 giant spiked club (16)]
  5759 | D:5      | 5759 ||| READING scroll of teleportation.
  5760 | D:5      | 5760 ||| DRINKING potion of heal wounds.
  5762 | D:5      | Reached XP level 9. HP: 29/80 MP: 9/9
  6300 | D:5      | 6300 ||| UPGRADING to ring of protection from fire.
  6344 | D:6      | 6344 ||| STAIRDANCE
  6499 | D:6      | 6499 ||| STAIRDANCE
  6627 | D:5      | 6627 ||| EATING 12 rations.
  6645 | D:6      | 6645 ||| INVOKING Spit Poison.
  6649 | D:6      | Reached skill level 3 in Armour
  6661 | D:6      | 6661 ||| INVOKING Spit Poison.
  6684 | D:6      | HP: 19/81 [centaur (4)]
  6685 | D:6      | 6685 ||| READING scroll of teleportation.
  6713 | D:6      | HP: 11/81 [orc warrior/+0 dire flail (11)]
  6715 | D:6      | HP: 5/81 [killer bee (5)]
  6716 | D:6      | Slain by a killer bee

Levels and vault maps discovered:
D:1:      psy_arrival_radial02, layout_loops_ring
D:2:      layout_loops_ring, uniq_natasha
D:3:      layout_basic, lemuel_crystal_altar, fountainhead,
          minmay_joined_circles
D:4:      layout_cave_pools, grunt_dithmenos_smoke, grunt_ministairs_11,
          uniq_grinder
D:5:      layout_gridville, minmay_temple_entry_arrows, first_ration,
          chequers_jeans, st_stairs_13, uniq_sigmund, uniq_pikel
D:6:      minmay_angry_zag, layout_rooms, old_standard_altar,
          kennysheep_generic_room_8
Temple:   regret_index_temple_sphere_string

Skill      XL: |  1  2  3  4  5  6  7  8  9 |
---------------+----------------------------+-----
Axes           | 3 4 5 6 7 8 10 | 10.1
Dodging        | 1 |  1.0
Fighting       | 4 5 |  5.4
Shields        | 3 4 |  4.0
Armour         | 3 |  3.0

Action                   |  1- 3 |  4- 6 |  7- 9 || total
-------------------------+-------+-------+-------++-------
Melee: War axe           |    47 |   194 |   195 ||   436
Throw: Boomerang         |       |     5 |    17 ||    22
 Abil: Spit Poison       |    11 |    22 |    11 ||    44
  Use: Scroll            |     5 |    12 |     6 ||    23
       Potion            |       |     3 |     1 ||     4
  Eat: Chunk             |     1 |     8 |     3 ||    12
       Ration            |       |       |     2 ||     2
Armor: Scale mail        |    18 |    20 |       ||    38
       Chain mail        |       |    75 |   137 ||   212
Dodge: Dodged            |     7 |    25 |    26 ||    58
Block: Kite shield       |    23 |    82 |    81 ||   186

Table legend:
 A = Non-vault XP
 B = Vault XP
 C = Vault XP percentage of total XP
 D = Non-vault monster count
 E = Vault monster count
 F = Vault count percentage of total count
                 A         B        C        D         E       F
            +---------+---------+-------+---------+---------+-------
      Total |    1867 |    1106 |  37.2 |      96 |      18 |  15.8
            +---------+---------+-------+---------+---------+-------
        D:1 |      29 |       0 |   0.0 |      15 |       0 |   0.0
        D:2 |     237 |      36 |  13.2 |      26 |       1 |   3.7
        D:3 |     147 |     102 |  41.0 |      16 |      13 |  44.8
        D:4 |     211 |     272 |  56.3 |       6 |       1 |  14.3
        D:5 |     812 |     696 |  46.2 |      25 |       3 |  10.7
        D:6 |     431 |       0 |   0.0 |       8 |       0 |   0.0
            +---------+---------+-------+---------+---------+-------
